 Dungeon Crawl Stone Soup version 0.20.0-15-g7f486f2 (webtiles) character file.

5065 VajrapaniSR the Cleaver (level 10, -1/92 HPs)
             Began as a Deep Dwarf Fighter on June 27, 2017.
             Was a Follower of Makhleb.
             Slain by a gnoll
             ... wielding a +0 flail
              (11 damage)
             ... on level 10 of the Dungeon.
             The game lasted 00:23:10 (3461 turns).

VajrapaniSR the Cleaver (Deep Dwarf Fighter)        Turns: 3461, Time: 00:23:11

Health: -1/92      AC:  6    Str: 23    XL:     10   Next: 31%
Magic:  3/5        EV:  7    Int:  9    God:    Makhleb [*.....]
Gold:   189        SH:  9    Dex: 12    Spells: 9/9 levels left

rFire    . . .     SeeInvis .   a - +0 war axe
rCold    + . .     Gourm    .   c - +0 shield
rNeg     . . .     Faith    .   y - +0 scale mail
rPois    .         Spirit   .   (no helmet)
rElec    .         Reflect  .   (no cloak)
rCorr    .         Harm     .   (no gloves)
MR       +....                  (no boots)
Stlth    ..........             o - amulet of rage
Regen    0.0/turn               w - ring of protection from cold
MPRegen  0.1/turn               (no ring)

@: non-regenerating
A: damage resistance, heal wounds, sense surroundings 2, no regeneration
a: Heal Wounds, Renounce Religion, Evoke Berserk Rage


You were on level 10 of the Dungeon.
You worshipped Makhleb.
Makhleb was aware of your devotion.
You were not hungry.

You visited 1 branch of the dungeon, and saw 10 of its levels.

You collected 189 gold pieces.

Inventory:

Hand Weapons
 a - a +0 war axe (weapon)
 b - the +8 whip "Beast's Undoing" {drain, *Noise rElec rC+ rN+}
   (You found it on level 9 of the Dungeon)

   A truly terrible weapon, it drains the life of those it strikes.
   It protects you from cold.
   It insulates you from electricity.
   It protects you from negative energy.
   It may make noises in combat.
Armour
 c - a +0 shield (worn)
 h - a +0 plate armour
 y - a +0 scale mail (worn)
Jewellery
 i - an uncursed ring of fire
 o - an amulet of rage (around neck)
 w - a ring of protection from cold (left hand)
Wands
 j - a wand of paralysis (13/24)
 r - a wand of digging (10/24)
 t - a wand of clouds (4/9)
Scrolls
 d - 3 scrolls of teleportation
 e - 2 scrolls of blinking
 k - 4 scrolls of amnesia
 m - a scroll of magic mapping
 s - a scroll of fog
 B - a scroll of remove curse
Potions
 l - a potion of ambrosia
 n - 3 potions of heal wounds
 p - 2 potions of brilliance
 q - a potion of might
 u - a potion of mutation
Books
 A - a book of Frost

   Spells                             Type                      Level
   a - Freeze                         Ice                          1
   b - Throw Frost                    Conjuration/Ice              2
   c - Ozocubu's Armour               Charms/Ice                   3
   d - Throw Icicle                   Conjuration/Ice              4
   e - Summon Ice Beast               Ice/Summoning                4
Comestibles
 f - 6 bread rations
 g - 2 meat rations
 v - 6 royal jellies
 x - a fruit


   Skills:
 + Level 6.7 Fighting
 + Level 14.4 Axes
 - Level 3.2 Armour
 - Level 3.2 Shields


You had 9 spell levels left.
You didn't know any spells.

Dungeon Overview and Level Annotations

Branches:
Dungeon (10/15)
 Temple: D:4-7         Lair: D:8-11         Orc: D:9-12

Altars:
Ashenzari
Fedhas
Hepliaklqana
Makhleb
Nemelex Xobeh
Ru
Sif Muna
Trog
Vehumet
Xom
Yredelemnul
Zin


Innate Abilities, Weirdness & Mutations

You are resistant to damage.
You can heal yourself by infusing magical energy.
You passively map the area around you.
You do not regenerate.


Message History

You hit the gnoll.
The gnoll is lightly wounded.
The gnoll completely misses you.
You hit the gnoll.
The gnoll is moderately wounded.
Unknown command.
You closely miss the gnoll.
The gnoll is moderately wounded.
The gnoll hits you from afar with a halberd!
* * * LOW HITPOINT WARNING * * *
The gnoll hits you with a flail.
* * * LOW HITPOINT WARNING * * *
You closely miss the gnoll.
The gnoll is moderately wounded.
You block the gnoll's attack.
You are too injured to fight recklessly!
You hit the gnoll.
The gnoll is severely wounded.
The gnoll hits you with a flail!
You die...

####.......####.........#*
* # #.......# #.........'.
, . #.......#
#.........### * #
####.#### #######'### #
*..# #.., .# ### , ,..
#.#**## #.. , , , #
##.###########.# , ,
#####.........#....# , ,
#gg@..#######.#.#### **
......gg###.......#.#.##..
,, ,....#####
#.#####.#...##.# * .. #..,
#.####.. , ,, ###. *,#.#
#.# ** , .# #.# #.. * #*
### ### #


You could see 4 gnolls.

Vanquished Creatures
  Nergalle (D:10)
  A queen bee (D:10)
  Grinder (D:5)
  A shadow (D:9)
  A hungry ghost (D:10)
  Duvessa (D:5)
  A water moccasin (D:8)
  A black bear (D:7)
  5 orc warriors
  2 sky beasts (D:7)
  A necrophage (D:7)
  2 eyes of draining
  2 ogres (D:8)
  6 centaurs
  7 bullfrogs
  Dowan (D:5)
  A scorpion (D:6)
  15 killer bees (D:10)
  A bullfrog zombie (D:10)
  A crimson imp (D:6)
  A hound (D:10)
  3 jellies
  2 centaur skeletons
  A bullfrog skeleton (D:8)
  3 orc wizards
  4 iguanas
  3 worker ants
  11 gnolls
  6 adders
  2 shadow imps
  An ooze (D:5)
  An adder zombie (D:6)
  An adder skeleton (D:10)
  A worm (D:2)
  2 dart slugs
  2 leopard geckos
  10 orcs
  3 giant cockroaches
  6 goblins
  A hobgoblin (D:1)
  4 jackals (D:3)
  A quokka (D:5)
  6 bats
  2 frilled lizards
  A giant cockroach zombie (D:6)
  2 jackal skeletons (D:7)
  2 kobolds (D:3)
  A quokka zombie (D:5)
  5 rats
140 creatures vanquished.

Vanquished Creatures (others)
  An ogre (D:7)
  A scorpion (D:7)
  A jelly (D:7)
  A worker ant (D:7)
  An adder (D:7)
  An orc (D:7)
6 creatures vanquished.

Grand Total: 146 creatures vanquished

Notes
Turn   | Place    | Note
-------+----------+-------------------------------------------
     0 | D:1      | VajrapaniSR the Deep Dwarf Fighter began the quest for the Orb.
     0 | D:1      | Reached XP level 1. HP: 20/20 MP: 1/1
    85 | D:2      | Reached skill level 3 in Axes
    85 | D:2      | Reached XP level 2. HP: 25/27 MP: 2/2
    88 | D:2      | Reached skill level 4 in Axes
    88 | D:2      | Reached XP level 3. HP: 31/33 MP: 3/3
   476 | D:3      | Reached XP level 4. HP: 33/40 MP: 4/4
   523 | D:2      | Reached skill level 5 in Axes
   696 | D:3      | Reached XP level 5. HP: 46/46 MP: 5/5
   700 | D:3      | Reached skill level 6 in Axes
   889 | D:5      | Entered Level 5 of the Dungeon
   945 | D:5      | Noticed Duvessa
   946 | D:5      | Noticed Dowan
   969 | D:5      | Killed Dowan
   969 | D:5      | Reached skill level 7 in Axes
   969 | D:5      | Reached XP level 6. HP: 41/55 MP: 6/6
   974 | D:5      | Killed Duvessa
  1054 | D:5      | Noticed Grinder
  1076 | D:5      | Paralysed by Grinder for 4 turns
  1091 | D:5      | Killed Grinder
  1091 | D:5      | Reached skill level 8 in Axes
  1091 | D:5      | Reached XP level 7. HP: 35/61 MP: 7/7
  1113 | D:5      | Reached skill level 9 in Axes
  1413 | D:5      | Found a sparkling altar of Nemelex Xobeh.
  1485 | D:6      | Reached skill level 10 in Axes
  1554 | D:6      | Reached XP level 8. HP: 43/68 MP: 6/6
  1641 | D:6      | Reached skill level 11 in Axes
  1849 | D:7      | Reached skill level 12 in Axes
  1943 | D:7      | Gained mutation: You passively map the area around you. [Deep Dwarf growth]
  1943 | D:7      | Reached XP level 9. HP: 33/74 MP: 6/6
  1986 | D:7      | Reached skill level 13 in Axes
  1995 | D:7      | Found a shimmering altar of Xom.
  2032 | D:7      | Found a blossoming altar of Fedhas.
  2032 | D:7      | Found a deep blue altar of Sif Muna.
  2034 | D:7      | Found a basalt altar of Yredelemnul.
  2038 | D:7      | Found a shattered altar of Ashenzari.
  2038 | D:7      | Found a radiant altar of Vehumet.
  2038 | D:7      | Found a burning altar of Makhleb.
  2039 | D:7      | Found a bloodstained altar of Trog.
  2041 | D:7      | Found a hazy altar of Hepliaklqana.
  2042 | D:7      | Found a glowing silver altar of Zin.
  2043 | D:7      | Found a sacrificial altar of Ru.
  2048 | D:7      | Became a worshipper of Makhleb the Destroyer
  2599 | D:9      | Got a smoking whip
  2802 | D:9      | Identified the +8 whip "Beast's Undoing" {drain, *Noise rElec rC+ rN+} (You found it on level 9 of the Dungeon)
  2974 | D:10     | Entered Level 10 of the Dungeon
  3028 | D:10     | Reached skill level 5 in Fighting
  3069 | D:10     | Noticed a queen bee
  3086 | D:10     | Killed a queen bee
  3086 | D:10     | Reached skill level 14 in Axes
  3090 | D:10     | Reached XP level 10. HP: 21/91 MP: 5/5
  3156 | D:10     | Reached * piety under Makhleb
  3324 | D:10     | Noticed Nergalle
  3358 | D:10     | Killed Nergalle
  3461 | D:10     | Slain by a gnoll

Skill      XL: |  1  2  3  4  5  6  7  8  9 10 |
---------------+-------------------------------+-----
Axes           | 3 4 5 7 8 10 12 14 | 14.4
Fighting       | 5 6 |  6.7
Armour         | |  3.2
Shields        | |  3.2

Action                   |  1- 3 |  4- 6 |  7- 9 | 10-12 || total
-------------------------+-------+-------+-------+-------++-------
Melee: War axe           |    51 |   123 |   260 |    65 ||   499
       Whip              |       |       |    62 |    19 ||    81
 Abil: Heal Wounds       |     1 |     4 |    16 |     4 ||    25
       Evoke Berserk Rag |       |     2 |     5 |     1 ||     8
  Use: Scroll            |     1 |     4 |    10 |       ||    15
       Potion            |       |     1 |     1 |     1 ||     3
  Eat: Chunk             |       |     2 |     6 |     1 ||     9
       Meat ration       |       |       |     1 |       ||     1
       Royal jelly       |       |       |       |     3 ||     3
       Fruit             |       |       |       |     1 ||     1
Armor: Scale mail        |    21 |    66 |    54 |    17 ||   158
       Plate armour      |       |       |    17 |       ||    17
       Skin              |       |       |    26 |       ||    26
Dodge: Dodged            |    16 |    36 |    58 |    18 ||   128
Block: Shield            |    20 |    90 |   133 |    32 ||   275
